Map: Ever Dream LE

Players

Silky - Winner!

  • Race: Zerg Zerg
  • Spawn Location: 1:00

Creature

  • Race: Protoss Protoss
  • Spawn Location: 7:00

Event: The Miserable Cup

VOD

Have the link to the VOD?

Description

Time

  • Played on: June 21, 2020, 2:41 p.m.
  • Length: 10:46

All games in this series

Show
View Real Time Build Order
Export as new Build Order

Silky Zerg - Winner!

Build Orders: Hatch First 

Get SALT Encoding   

  12  0:00  Drone  
  13  0:13  Overlord  
  13  0:19  Drone  
  14  0:32  Drone x2  
  16  0:41  Drone  
  17  0:52  Hatchery  
  17  0:55  Drone  
  17  0:59  Drone  
  18  1:09  Extractor  
  17  1:14  Spawning Pool  
  17  1:16  Drone  
  17  1:20  Drone  
  18  1:28  Drone  
  19  1:39  Overlord  
  19  1:51  Drone  
  20  2:00  Queen  
  23  2:01  Zergling x2  
  23  2:03  Queen  
  23  2:04  Zergling x2  
  26  2:12  Drone  
  26  2:13  Metabolic Boost  
  26  2:15  Drone  
  28  2:23  Drone  
  28  2:26  Drone  
  30  2:36  Drone  
  30  2:37  Drone  
  32  2:42  Hatchery  
  31  2:46  Overlord  
  31  2:51  Queen  
  31  2:54  Drone  
  31  2:57  Drone  
  35  3:01  Drone  
  36  3:06  Drone  
  36  3:10  Drone x4  
  41  3:16  Overlord  
  41  3:19  Drone x2  
  43  3:20  Drone  
  44  3:30  Overlord  
  44  3:34  Queen  
  44  3:38  Drone x2  
  44  3:40  Overlord  
  48  3:44  Drone x3  
  48  3:48  Drone  
  52  3:52  Drone  
  52  3:54  Drone, Queen  
  56  3:58  Drone  
  56  3:59  Drone  
  56  4:00  Zergling x2  
  56  4:02  Spine Crawler, Zergling x2  
  59  4:08  Roach Warren  
  59  4:09  Zergling x4  
  60  4:14  Overlord  
  60  4:16  Zergling x6  
  63  4:17  Zergling x2  
  63  4:20  Zergling x2  
  65  4:26  Spore Crawler  
  65  4:27  Overlord  
  65  4:28  Zergling x2  
  65  4:32  Zergling x4  
  65  4:33  Overlord  
  65  4:38  Overlord  
  67  4:49  Spore Crawler, Roach x2  
  67  4:50  Roach x4  
  75  4:56  Drone x2  
  75  4:57  Lair  
  75  4:59  Roach x2  
  79  5:01  Roach  
  79  5:03  Overlord  
  81  5:08  Overlord  
  81  5:11  Extractor  
  81  5:12  Extractor  
  81  5:13  Drone x5  
  84  5:17  Roach  
  86  5:26  Roach x2  
  86  5:28  Drone x3, Spore Crawler  
  92  5:32  Drone  
  93  5:40  Drone x4  
  97  5:43  Drone  
  97  5:44  Drone  
  99  5:52  Roach x2  
  99  5:56  Drone  
  104  6:02  Overseer  
  101  6:09  Overlord  
  101  6:10  Zergling x16  
  107  6:17  Extractor  
  106  6:18  Glial Reconstitution  
  106  6:22  Overlord  
  106  6:23  Zergling x4  
  108  6:28  Overlord  
  108  6:29  Hatchery  
  108  6:30  Zergling x10  
  108  6:31  Zergling x2  
  110  6:36  Overlord  
  105  6:40  Drone x2  
  105  6:45  Drone  
  104  6:49  Drone x4  
  104  6:52  Evolution Chamber  
  104  6:53  Drone x2  
  109  6:56  Overseer  
  109  6:59  Drone x4  
  113  7:03  Extractor  
  113  7:04  Baneling Nest  
  109  7:10  Zergling x6  
  109  7:15  Drone  
  108  7:17  Overseer  
  108  7:21  Drone x2, Zerg Melee Weapons Level 1  
  108  7:22  Drone x5, Extractor  
  113  7:24  Overlord  
  113  7:29  Ravager x2  
  115  7:31  Zergling x8  
  115  7:32  Overlord  
  115  7:34  Overlord  
  119  7:41  Roach  
  119  7:42  Overlord  
  119  7:43  Overlord  
  121  7:45  Roach x2  
  121  7:47  Ravager x5  
  121  7:48  Overlord  
  130  7:53  Drone x6  
  130  7:54  Queen  
  130  7:55  Drone  
  139  7:59  Centrifical Hooks  
  139  8:02  Overlord  
  139  8:11  Baneling x2, Zergling x2  
  139  8:12  Zergling x12  
  146  8:15  Overlord  
  146  8:16  Drone  
  146  8:17  Drone x5  
  152  8:20  Unknown  
  152  8:23  Infestation Pit  
  152  8:25  Zergling x8  
  154  8:28  Zergling x2  
  154  8:31  Hatchery  
  153  8:35  Overlord  
  153  8:40  Ravager x4  
  157  8:42  Overlord, Zergling x2  
  157  8:43  Zergling x10  
  157  8:47  Drone x2  
  165  8:48  Evolution Chamber  
  165  8:53  Zergling x10  
  165  8:54  Zergling x4  
  169  8:57  Zergling x6  
  169  8:59  Baneling x5  
  169  9:02  Hive  
  172  9:04  Zergling x2  
  172  9:05  Baneling x2, Spire  
  172  9:06  Baneling x7  
  172  9:07  Zergling x6  
  175  9:15  Zergling x6  
  178  9:20  Overlord  
  178  9:21  Zergling x2  
  178  9:22  Zergling x16  
  184  9:24  Overlord  
  184  9:30  Zergling x2  
  184  9:31  Zergling x4  
  180  9:36  Zergling x4  
  169  9:42  Zergling x8  
  154  9:49  Zergling x6, Roach  
  154  9:50  Zergling x12  
  154  9:52  Roach x2  
  163  9:53  Roach  
  163  9:54  Roach  
  163  9:55  Overseer  
  163  9:57  Queen  
  166  10:00  Baneling x10  
  166  10:01  Zergling x8  
  166  10:02  Baneling x12  
  164  10:10  Zergling x4, Roach x6  
  172  10:14  Baneling x17  
  172  10:18  Zergling x2  
  172  10:19  Zergling x6  
Show
View Real Time Build Order
Export as new Build Order

Creature Protoss 

Build Orders: 1 Gate Expand, Archon Immortal, Archon Drop 

Get SALT Encoding   

  12  0:00  Probe  
  13  0:13  Probe  
  14  0:21  Pylon  
  14  0:25  Probe  
  15  0:36  Probe  
  15  0:42  Gateway  
  16  0:44  Probe  
  17  0:50  Assimilator  
  17  0:53  Probe  
  18  1:06  Probe  
  19  1:18  Probe  
  20  1:27  Nexus  
  20  1:38  Cybernetics Core  
  20  1:40  Probe  
  21  1:48  Assimilator  
  21  1:53  Probe  
  22  1:56  Pylon  
  22  2:05  Probe, Adept  
  25  2:15  Warp Gate  
  25  2:17  Probe  
  26  2:25  Stalker  
  26  2:27  Twilight Council  
  26  2:29  Probe  
  27  2:35  Probe  
  28  2:41  Probe  
  28  2:44  Probe  
  31  2:53  Probe  
  31  2:54  Robotics Facility, Probe  
  33  3:01  Resonating Glaives  
  33  3:05  Probe  
  34  3:07  Probe  
  35  3:17  Adept  
  35  3:19  Gateway  
  37  3:22  Probe  
  37  3:25  Probe  
  39  3:36  Gateway x2  
  39  3:37  Warp Prism  
  41  3:49  Probe x2  
  43  3:59  Pylon  
  43  4:00  Assimilator  
  43  4:01  Probe  
  44  4:04  Probe  
  44  4:07  Pylon  
  45  4:15  Dark Shrine  
  45  4:17  Adept x2  
  45  4:19  Probe  
  50  4:26  Probe  
  50  4:29  Pylon  
  52  4:31  Probe  
  52  4:39  Adept  
  52  4:42  Probe  
  53  4:51  Adept x4  
  61  4:57  Probe x2  
  63  5:00  Assimilator  
  63  5:02  Pylon  
  63  5:09  Probe x2  
  63  5:13  Adept  
  63  5:14  Adept  
  69  5:18  Pylon  
  70  5:21  Probe  
  70  5:23  Probe  
  71  5:33  Observer, Probe  
  71  5:35  Probe  
  74  5:39  Nexus  
  74  5:41  Dark Templar x4  
  82  5:45  Pylon  
  81  5:51  Probe x2  
  81  5:55  Immortal  
  83  6:01  Archon  
  83  6:02  Archon  
  83  6:03  Probe x2  
  89  6:15  Probe x2  
  91  6:19  Forge, Charge  
  91  6:23  Adept  
  93  6:31  Protoss Ground Weapons Level 1  
  91  6:34  Pylon  
  75  6:40  Immortal  
  75  6:44  Probe  
  76  6:49  Probe  
  77  6:54  Probe  
  77  6:56  Probe  
  77  7:00  Gateway x2  
  77  7:01  Probe, Gateway  
  80  7:04  Gateway  
  80  7:07  Adept x4  
  88  7:09  Immortal  
  88  7:16  Probe x2  
  88  7:18  Probe  
  88  7:20  Pylon  
  95  7:26  Pylon  
  95  7:28  Probe  
  95  7:29  Shield Battery  
  96  7:33  Probe  
  96  7:35  Pylon  
  96  7:36  Assimilator  
  97  7:38  Sentry  
  97  7:39  Sentry x2  
  97  7:40  Zealot  
  97  7:41  Assimilator, Probe  
  106  7:45  Probe  
  106  7:47  Probe, Immortal, Photon Cannon  
  108  7:53  Probe  
  108  7:57  Probe  
  114  8:07  Probe  
  114  8:08  Dark Templar  
  114  8:09  Zealot x2, Dark Templar x3  
  127  8:17  Pylon  
  127  8:19  Pylon x2  
  127  8:20  Immortal  
  127  8:25  Archon x2  
  127  8:31  Pylon  
  131  8:42  Templar Archives  
  131  8:45  Zealot x6  
  131  8:48  Zealot x2  
  146  9:00  Pylon  
  146  9:06  Zealot  
  148  9:11  Nexus  
  148  9:12  Photon Cannon  
  148  9:19  Zealot x7  
  159  9:29  Probe x2  
  159  9:30  Zealot  
  159  9:31  Probe  
  144  9:41  Probe  
  119  9:46  Zealot x5  
  119  9:47  Zealot x2  
  129  9:58  Probe  
  126  10:08  High Templar  
  126  10:09  High Templar x7  
  126  10:13  Archon x3  
  126  10:14  Archon  
Tags
 
Add a new tag
Caveats
  • Supply blocks, unpowered buildings, or Contaminate may cause inaccurate times.
  • Supply counts are checked every 10 seconds.